 Dungeon Crawl Stone Soup version 0.22-a0-456-g11ed031 (webtiles) character file.

98 KristoblXynda the Conjurer (level 4, -1/33 HPs)
             Began as a Draconian Conjurer on June 7, 2018.
             Killed by nerve-wracking pain
             ... invoked by Avalon's ghost
              (7 damage)
             ... on level 3 of the Dungeon.
             The game lasted 00:07:20 (3279 turns).

KristoblXynda the Conjurer (Draconian Conjurer)     Turns: 3279, Time: 00:07:21

Health: -1/33      AC:  6    Str:  9 (10) XL:     4   Next: 43%
Magic:  0/9        EV: 12    Int: 14 (17) God:
Gold:   130        SH:  0    Dex:  9 (11) Spells: 8/9 levels left

rFire    . . .     SeeInvis .   f - +0 dagger
rCold    . . .     Gourm    .   (no shield)
rNeg     . . .     Faith    .   (armour unavailable)
rPois    .         Spirit   .   (helmet restricted)
rElec    .         Reflect  .   n - +0 cloak
rCorr    .         Harm     .   (no gloves)
MR       .....                  (no boots)
Stlth    +.........             (no amulet)
HPRegen  0.11/turn              k - ring of loudness (curse)
MPRegen  0.11/turn              (no ring)

@: no status effects
A: unfitting armour, cold-blooded, AC +5
a: no special abilities


You were on level 3 of the Dungeon.
You were not hungry.

You visited 1 branch of the dungeon, and saw 3 of its levels.

You collected 130 gold pieces.

Inventory:

Hand Weapons
 f - a +0 dagger (weapon)
Armour
 n - a +0 cloak (worn)
Jewellery
 k - a cursed ring of loudness (left hand)
Scrolls
 d - 4 scrolls of identify {unknown}
 g - a scroll of enchant weapon {unknown}
 h - 2 scrolls of remove curse {unknown}
 i - a scroll of amnesia {unknown}
 l - a scroll of immolation {unknown}
 m - 2 scrolls of teleportation {unknown}
Potions
 a - a potion of degeneration
 c - a potion of ambrosia {unknown}
 e - a potion of invisibility {unknown}
 j - a potion of berserk rage {unknown}
 o - a potion of might {unknown}
Comestibles
 b - 6 rations
 p - 3 chunks of flesh


   Skills:
 - Level 1.7 Dodging
 - Level 1.7 Stealth
 + Level 3.3 Spellcasting
 + Level 5.0 Conjurations


You had 8 spell levels left.
You knew the following spells:

 Your Spells              Type           Power        Failure   Level  Hunger
a - Magic Dart            Conj           ###.         2%          1    #......

Your spell library contained the following spells:

 Spells                   Type           Power        Failure   Level  Hunger
 Iskenderun's Mystic Bla  Conj           ###.....     26%         4    #####..
 Fulminant Prism          Conj/Hex       #.........   58%         4    #####..
 Dazzling Spray           Conj/Hex       #.....       22%         3    ###....
 Force Lance              Conj/Tloc      #.......     58%         4    #####..
 Searing Ray              Conj           ###...       3%          2    ##.....


Dungeon Overview and Level Annotations

Branches:
Dungeon (3/15)

Altars:
Fedhas
Gozag
Hepliaklqana
Kikubaaqudgha
Nemelex Xobeh
Sif Muna
Uskayaw

Annotations:
D:3 Avalon's ghost, amateur GnNe


Innate Abilities, Weirdness & Mutations

Your plain brown scales are hard. (AC +5)
You cannot fit into any form of body armour.
You are cold-blooded and may be slowed by cold attacks.


Message History

Avalon's ghost points at you and mumbles some strange words.
Pain shoots through your body!
* * * LOW HITPOINT WARNING * * *
It was a potion of degeneration.
There was something very wrong with that liquid.
You feel weakened.
You feel dopey.
You feel clumsy. Avalon's ghost barely misses you.
You closely miss Avalon's ghost.
Your tail-slap misses Avalon's ghost.
Avalon's ghost is severely damaged.
Avalon's ghost barely misses you.
Casting: Magic Dart (safe; 2% risk of failure)
Confirm with . or Enter, or press ? or * to list all spells.
Aiming: Magic Dart (safe; 2% risk of failure)
Press: ? - help, Shift-Dir - straight line, f/p - Avalon's ghost
Aim: Avalon's ghost (severely damaged)
The magic dart hits Avalon's ghost.
Avalon's ghost is almost destroyed.
Avalon's ghost points at you and mumbles some strange words.
Pain shoots through your body!
You die...

#.# #.# #.# #.#
#.# #.# ### #W#
#.# #.# # #.# #
#.##############.#
#
.......@W........#
################.#
#.# ###


You could see Avalon's ghost.

Vanquished Creatures
  An adder (D:2)
  2 worms (D:2)
  5 dart slugs
  A leopard gecko (D:1)
  2 giant cockroaches
  9 hobgoblins
  13 jackals
  A quokka (D:2)
  3 ball pythons (D:2)
  9 bats
  5 frilled lizards (D:2)
  2 goblins (D:1)
  6 kobolds
  6 rats
65 creatures vanquished.

Notes
Turn   | Place    | Note
-------+----------+-------------------------------------------
     0 | D:1      | KristoblXynda the Draconian Conjurer began the quest for the Orb.
     0 | D:1      | Reached XP level 1. HP: 14/14 MP: 3/3
   320 | D:1      | Reached XP level 2. HP: 20/20 MP: 3/5
   859 | D:1      | Reached XP level 3. HP: 26/26 MP: 2/7
  1962 | D:2      | Reached XP level 4. HP: 33/33 MP: 1/8
  2311 | D:2      | Found a deep blue altar of Sif Muna.
  2311 | D:2      | Found a hazy altar of Hepliaklqana.
  2312 | D:2      | Found a sparkling altar of Nemelex Xobeh.
  2498 | D:2      | Found a blossoming altar of Fedhas.
  2498 | D:2      | Found an ancient bone altar of Kikubaaqudgha.
  2620 | D:2      | Reached skill level 5 in Conjurations
  2733 | D:2      | Found a hide-covered altar of Uskayaw.
  2940 | D:2      | Found an opulent altar of Gozag.
  3217 | D:3      | Noticed Avalon's ghost (amateur GnNe)
  3279 | D:3      | Killed from afar by Avalon's ghost

Vault maps used:
D:1:      elethiomel_arrival_infinity_welcomes_careful_drivers
D:2:      grunt_temple_overflow_growth_and_decay,
          nicolae_overflow_quartered_altars,
          nicolae_gozag_cash_rules_everything_around_me
D:3:      corexii_shack_village, first_ration

Skill      XL: |  1  2  3  4 |
---------------+-------------+-----
Spellcasting   | 3 |  3.3
Conjurations   | 5 |  5.0
Dodging        | |  1.7
Stealth        | |  1.7

Action                   |  1- 3 |  4- 6 || total
-------------------------+-------+-------++-------
Melee: Unarmed           |    68 |       ||    68
       Tailslap          |    13 |     5 ||    18
       Dagger            |    30 |    36 ||    66
 Cast: Magic Dart        |    77 |    41 ||   118
  Use: Potion            |       |     1 ||     1
  Eat: Chunk             |     4 |     4 ||     8
Armor: Skin              |    28 |    11 ||    39
Dodge: Dodged            |    67 |    25 ||    92

Table legend:
 A = Spawn XP
 B = Non-spawn XP
 C = Spawn XP percentage of total XP
 D = Spawn monster count
 E = Non-spawn monster count
 F = Spawn count percentage of total count
 G = Total turns spent on level
                    A         B        C        D         E        F      G
               +---------+---------+-------+---------+---------+-------+---------
         Total |       0 |     140 |   0.0 |       0 |      65 |   0.0 |  3279
               +---------+---------+-------+---------+---------+-------+---------
           D:1 |       0 |      56 |   0.0 |       0 |      30 |   0.0 |  1670
           D:2 |       0 |      80 |   0.0 |       0 |      33 |   0.0 |  1428
           D:3 |       0 |       4 |   0.0 |       0 |       2 |   0.0 |   181
               +---------+---------+-------+---------+---------+-------+---------
